 Dungeon Crawl Stone Soup version 0.23-a0-516-g0f8c245 (webtiles) character file.

30 Leeroy the Charmwright (level 3, -3/31 HPs)
             Began as a Gnoll Skald on Dec 5, 2018.
             Slain by a phantom (6 damage)
             ... on level 2 of the Dungeon.
             The game lasted 00:02:28 (838 turns).

Leeroy the Charmwright (Gnoll Skald)                 Turns: 838, Time: 00:02:28

Health: -3/31      AC:  4    Str: 14    XL:     3   Next: 20%
Magic:  3/9        EV: 14    Int: 15    God:
Gold:   89         SH:  0    Dex: 14    Spells: 1/12 levels left

rFire    . . .     SeeInvis .   a - +0 falchion
rCold    . . .     Gourm    .   (no shield)
rNeg     . . .     Faith    .   b - +0 leather armour
rPois    .         Spirit   .   e - +0 helmet
rElec    .         Reflect  .   (no cloak)
rCorr    .         Harm     .   (no gloves)
MR       .....                  (no boots)
Stlth    +.........             (no amulet)
HPRegen  1.10/turn              (no ring)
MPRegen  0.11/turn              (no ring)

@: regenerating
A: distributed training, fangs 1, strong nose
a: no special abilities


You were on level 2 of the Dungeon.
You were not hungry.

You visited 1 branch of the dungeon, and saw 2 of its levels.

You collected 89 gold pieces.

Inventory:

Hand Weapons
 a - a +0 falchion (weapon)
 j - a +0 dagger
 k - a +4 whip
Missiles
 f - 24 sling bullets
 h - 91 stones (quivered)
Armour
 b - a +0 leather armour (worn)
 c - a +2 scale mail of cold resistance
 e - a +0 helmet (worn)
 p - a +0 ring mail
 q - a +0 chain mail
Jewellery
 m - a +4 ring of strength {unknown}
 o - an uncursed ring of protection from fire {unknown}
Scrolls
 l - a scroll of amnesia {unknown}
Potions
 g - a potion of heal wounds {unknown}
 n - a potion of resistance {unknown}
Comestibles
 d - 3 rations
 i - 2 chunks of flesh


   Skills:
 + Level 4.5 Fighting
 + Level 0.6 Short Blades
 + Level 4.5 Long Blades
 + Level 0.6 Axes
 + Level 0.6 Maces & Flails
 + Level 0.6 Polearms
 + Level 0.6 Staves
 + Level 0.6 Slings
 + Level 0.6 Bows
 + Level 0.6 Crossbows
 + Level 0.6 Throwing
 + Level 2.5 Armour
 + Level 4.5 Dodging
 + Level 0.6 Stealth
 + Level 0.6 Shields
 + Level 0.6 Unarmed Combat
 + Level 5.0 Spellcasting
 + Level 0.4 Conjurations
 + Level 0.4 Hexes
 + Level 5.4 Charms
 + Level 0.4 Summonings
 + Level 0.4 Necromancy
 + Level 0.4 Translocations
 + Level 0.4 Transmutations
 + Level 0.4 Fire Magic
 + Level 0.4 Ice Magic
 + Level 0.4 Air Magic
 + Level 0.4 Earth Magic
 + Level 0.4 Poison Magic
 + Level 0.8 Invocations
 + Level 0.6 Evocations


You had one spell level left.
You knew the following spells:

 Your Spells              Type           Power        Failure   Level  Hunger
a - Infusion              Chrm           ###.         2%          1    None
b - Song of Slaying       Chrm           ###.....     3%          2    ##.....
c - Shroud of Golubria    Chrm/Tloc      ##........   9%          2    ##.....
d - Regeneration          Chrm/Necr      ##........   19%         3    ###....
e - Spectral Weapon       Hex/Chrm       ##......     19%         3    ###....

Your spell library contained the following spells:

 Spells                   Type           Power        Failure   Level  Hunger


Dungeon Overview and Level Annotations

Branches:
Dungeon (2/15)

Altars:


Innate Abilities, Weirdness & Mutations

Your experience applies equally to all skills.
You have very sharp teeth.
Your uncanny sense of smell can sniff out nearby items.


Message History

You draw out your weapon's spirit!
The phantom hits you.
* * * LOW HITPOINT WARNING * * *
The phantom blinks!
Casting: Spectral Weapon (safe; 19% risk of failure)
Confirm with . or Enter, or press ? or * to list all spells.
Your skin crawls.
The phantom hits your spectral weapon.
Your spectral weapon shares its damage with you!
* * * LOW HITPOINT WARNING * * *
Things that are here:
a +0 club; a goblin skeleton You hit the phantom.
The phantom is heavily damaged.
Your spectral weapon hits the phantom!
The phantom hits your spectral weapon!
Your spectral weapon shares its damage with you!
* * * LOW HITPOINT WARNING * * *
You closely miss the phantom.
The phantom is severely damaged.
Your spectral weapon hits the phantom.
The phantom barely misses you. The phantom hits you.
You die...

.. ... #..###
##....#####
.#.........#
...........# ##
#.......<###....
#.....@W†....#
###......(.#####
...........#
###........#
#.###.†### #
#..########.#
#..).........
#.##.).......
.######.##.#######.


You could see a phantom and a friendly spectral +0 falchion.

Vanquished Creatures
  2 dart slugs (D:1)
  2 leopard geckos
  2 bats
  6 goblins
  4 hobgoblins (D:1)
  4 kobolds (D:1)
  2 frilled lizards
  3 rats
25 creatures vanquished.

Notes
Turn   | Place    | Note
-------+----------+-------------------------------------------
     0 | D:1      | Leeroy the Gnoll Skald began the quest for the Orb.
     0 | D:1      | Reached XP level 1. HP: 20/20 MP: 6/6
   137 | D:1      | Reached XP level 2. HP: 25/26 MP: 7/7
   746 | D:2      | Reached XP level 3. HP: 27/31 MP: 9/9
   770 | D:2      | Noticed a phantom
   774 | D:2      | Reached skill level 5 in Spellcasting
   812 | D:1      | Learned a level 2 spell: Song of Slaying
   815 | D:1      | Learned a level 2 spell: Shroud of Golubria
   819 | D:1      | Learned a level 3 spell: Regeneration
   823 | D:1      | Learned a level 3 spell: Spectral Weapon
   837 | D:2      | HP: 1/31 [phantom (4)]
   838 | D:2      | Slain by a phantom

Vault maps used:
D:1:      psy_arrival_spokes, grunt_decor_arrowhead
D:2:      grunt_temple_overflow_open, chequers_ecumenical_altar_lobes,
          first_ration

Skill      XL: |  1  2  3 |
---------------+----------+-----
Spellcasting   | 5 |  5.0
Fighting       | |  4.5
Short Blades   | |  0.6
Long Blades    | |  4.5
Axes           | |  0.6
Maces & Flails | |  0.6
Polearms       | |  0.6
Staves         | |  0.6
Slings         | |  0.6
Bows           | |  0.6
Crossbows      | |  0.6
Throwing       | |  0.6
Armour         | |  2.5
Dodging        | |  4.5
Stealth        | |  0.6
Shields        | |  0.6
Unarmed Combat | |  0.6
Conjurations   | |  0.4
Hexes          | |  0.4
Charms         | |  5.4
Summonings     | |  0.4
Necromancy     | |  0.4
Translocations | |  0.4
Transmutations | |  0.4
Fire Magic     | |  0.4
Ice Magic      | |  0.4
Air Magic      | |  0.4
Earth Magic    | |  0.4
Poison Magic   | |  0.4
Invocations    | |  0.8
Evocations     | |  0.6

Action                   || total
-------------------------++-------
Melee: Falchion          ||    78
       Bite              ||     8
       Punch             ||     1
 Cast: Regeneration      ||     1
       Spectral Weapon   ||     1
  Use: Scroll            ||     1
 Stab: Sleeping          ||     1
Armor: Leather armour    ||    21
Dodge: Dodged            ||    73
       Rpst.: Falchion   ||    29

Table legend:
 A = Non-vault XP
 B = Vault XP
 C = Vault XP percentage of total XP
 D = Non-vault monster count
 E = Vault monster count
 F = Vault count percentage of total count
                 A         B        C        D         E       F
            +---------+---------+-------+---------+---------+-------
      Total |      44 |       0 |   0.0 |      25 |       0 |   0.0
            +---------+---------+-------+---------+---------+-------
        D:1 |      34 |       0 |   0.0 |      18 |       0 |   0.0
        D:2 |      10 |       0 |   0.0 |       7 |       0 |   0.0
            +---------+---------+-------+---------+---------+-------
